[Event "Team 45 45 League T84"]
[Site "Internet Chess Club"]
[Date "2020.05.07"]
[Round "6"]
[White "kabindra"]
[Black "chessnutdale"]
[Result "1-0"]
[WhiteElo "1770"]
[BlackElo "1394"]
[Opening "Sicilian: closed"]
[ECO "B23"]
[Time "16:02:08"]
[TimeControl "2700+45"]

1. e4 c5 2. Nc3 e6 3. Bc4 Nc6 4. f4 Qh4+ 5. g3 Qd8 6. Nf3 a6 7. a4 Be7 8. d3 Nf6
9. e5 Ng4 10. Ne4 Qa5+ 11. Bd2 Qb6 12. Nfg5 Nd4 13. c3 Ne3 14. Bxe3 Nf5 15. Bd2
h6 16. a5 Qc6 17. Qh5 g6 18. Qh3 d5 19. exd6 Nxd6 20. Nxd6+ Bxd6 21. O-O Qc7 22.
Rae1 Kf8 23. Ne4 Be7 24. f5 exf5 25. Bf4 Qxa5 26. Nd6 g5 27. Be5 f6 28. Nf7 Rh7
29. Bd6 Bxd6 30. Nxd6 Bd7 31. Be6 Qc7 32. Nxf5 Bc6 33. c4 h5 34. Bd5 Bd7 35. Qg2
h4 36. g4 h3 37. Qf2 Rd8 38. Ng7 Rh6 39. Ne6+ Bxe6 40. Rxe6 Qf4 41. Qxc5+ Kg7
42. Rxf4 Rxd5 43. cxd5 gxf4 44. Qe7+ Kh8 45. Rxf6 Rxf6 46. Qxf6+ Kh7 47. d6
{Black resigns} 1-0

[Event "Team 45 45 League T84"]
[Site "Internet Chess Club"]
[Date "2020.05.09"]
[Round "6"]
[White "Just-Jim"]
[Black "Conjurer"]
[Result "0-1"]
[WhiteElo "1228"]
[BlackElo "1298"]
[Opening "Réti opening"]
[ECO "A05"]
[Time "13:00:45"]
[TimeControl "2700+45"]

1. Nf3 Nf6 2. Nc3 e6 3. e4 d5 4. e5 Nfd7 5. d4 c5 6. Bb5 cxd4 7. Bxd7+ Nxd7 8.
Qxd4 Bc5 9. Qf4 f6 10. Qg4 O-O 11. Bh6 Rf7 12. Bf4 Qb6 13. O-O Qxb2 14. Qxe6
Qxc3 15. Qxd5 Nb6 16. Qe4 g6 17. exf6 Qxf6 18. Bh6 Bf5 19. Qxb7 Rxb7 20. Bg5 Qc3
21. Rae1 Rf8 22. Bd2 Qxc2 23. Bh6 Rc8 24. h3 Bd3 25. Nd2 Bxf1 26. Kxf1 Qd3+ 27.
Kg1 Rf7 28. Ne4 Bb4 29. Re3 Qb1+ 30. Kh2 Bd6+ 31. g3 Bc5 32. Rb3 Qxe4 33. Be3
Bxe3 34. Rxe3 Qxe3 35. fxe3 Rc2+ 36. Kg1 Nd5 {White resigns} 0-1

[Event "Team 45 45 League T84"]
[Site "Internet Chess Club"]
[Date "2020.05.09"]
[Round "6"]
[White "Insan996"]
[Black "PJ"]
[Result "1/2-1/2"]
[WhiteElo "1651"]
[BlackElo "1566"]
[Opening "QGD Slav defense: exchange variation"]
[ECO "D10"]
[Time "14:43:14"]
[TimeControl "2700+45"]

1. d4 d5 2. c4 c6 3. cxd5 cxd5 4. Nc3 e6 5. Nf3 Nf6 6. Bf4 Bd6 7. Bg3 Nc6 8. e3
O-O 9. Bd3 Re8 10. O-O Bxg3 11. hxg3 e5 12. dxe5 Nxe5 13. Nd4 Nxd3 14. Qxd3 Ne4
15. Rac1 Nxc3 16. Rxc3 Bd7 17. Rfc1 Rc8 18. Rxc8 Bxc8 19. Qc3 a6 20. Qc7 Qxc7
21. Rxc7 Kf8 22. Kf1 g6 23. Nf3 h6 24. Ke2 Rd8 25. Ne5 Be6 26. Rxb7 d4 27. Rb6
d3+ 28. Kd2 Bxa2 29. Rxa6 Bb1 30. Ra7 Rc8 31. Rxf7+ Kg8 32. Rd7 Rc2+ 33. Ke1
Rc1+ 34. Kd2 Rc2+ 35. Ke1 Rc1+ 36. Kd2 Rc2+ {Game drawn by repetition} 1/2-1/2

[Event "Team 45 45 League T84"]
[Site "Internet Chess Club"]
[Date "2020.05.08"]
[Round "6"]
[White "Rybo88"]
[Black "nidusin2"]
[Result "1-0"]
[WhiteElo "1478"]
[BlackElo "1560"]
[Opening "Philidor: Improved Hanham variation"]
[ECO "B07"]
[Time "23:00:18"]
[TimeControl "2700+45"]

1. e4 d6 2. d4 Nf6 3. Nc3 Nbd7 4. Nf3 e5 5. Bg5 Be7 6. Be2 c6 7. O-O Qc7 8. Re1
Nf8 9. Qd3 h6 10. Be3 Ng6 11. Rad1 O-O 12. Qd2 Ng4 13. Bf1 Nxe3 14. Qxe3 Nf4 15.
Ne2 Ne6 16. d5 cxd5 17. exd5 Ng5 18. c3 f5 19. Nxg5 Bxg5 20. f4 Bf6 21. fxe5
Bxe5 22. Nd4 Re8 23. Kh1 a6 24. Bd3 Qf7 25. b3 Bd7 26. Qf2 Qh5 27. Nf3 Bxc3 28.
Rxe8+ Rxe8 29. Rc1 Ba5 30. Qg3 Bb4 31. Rc4 a5 32. Rh4 Qf7 33. Rxh6 Qxd5 34. Bc4
Be6 35. Bxd5 Bxd5 36. h3 f4 37. Qg5 Bxf3 38. gxf3 d5 39. Qxd5+ {Black resigns}
1-0

[Event "Team 45 45 League T84"]
[Site "Internet Chess Club"]
[Date "2020.05.11"]
[Round "6"]
[White "fireball"]
[Black "RD1974"]
[Result "1-0"]
[WhiteElo "1534"]
[BlackElo "1550"]
[Opening "Scandinavian (center counter) defense"]
[ECO "B01"]
[Time "18:02:01"]
[TimeControl "2700+45"]

1. e4 d5 2. exd5 Qxd5 3. Nf3 Nf6 4. c4 Qd6 5. Nc3 c6 6. Be2 Bf5 7. O-O Nbd7 8.
d4 e6 9. Re1 Be7 10. d5 O-O 11. dxe6 Bxe6 12. Qxd6 Bxd6 13. h3 h6 14. Nd4 Nc5
15. Nxe6 Nxe6 16. Bd3 Nf4 17. Bc2 Rfe8 18. Bd2 Ne6 19. Ne4 Be5 20. Nc3 Nd4 21.
Bb3 Rad8 22. Rad1 Kf8 23. Be3 a6 24. f4 Bxf4 25. Bxf4 Rxe1+ 26. Rxe1 Ne6 27. Bh2
Nc5 28. Rd1 Re8 29. Bd6+ {Black resigns} 1-0

[Event "Team 45 45 League T84"]
[Site "Internet Chess Club"]
[Date "2020.05.09"]
[Round "6"]
[White "BrerRabbit"]
[Black "Kingfisher75"]
[Result "0-1"]
[WhiteElo "1367"]
[BlackElo "1568"]
[Opening "Queen's pawn game, Darooha variation "]
[ECO "D02"]
[Time "19:02:16"]
[TimeControl "2700+45"]

1. d4 d5 2. Nf3 Nf6 3. g3 Bf5 4. Bg2 c6 5. c4 e6 6. Nc3 Be7 7. Qb3 Qb6 8. c5
Qxb3 9. axb3 Na6 10. Ra4 Bc2 11. Nd2 h5 12. O-O h4 13. Na2 hxg3 14. fxg3 Ng4 15.
Nf3 Bxb3 16. Ra3 Nxc5 17. dxc5 Bxc5+ 18. Kh1 Bxa3 19. bxa3 Bxa2 {White resigns}
0-1

[Event "Team 45 45 League T84"]
[Site "Internet Chess Club"]
[Date "2020.05.08"]
[Round "6"]
[White "Constrictor"]
[Black "zugknightly"]
[Result "0-1"]
[WhiteElo "1546"]
[BlackElo "1730"]
[Opening "Réti: Nimzovich-Larsen attack"]
[ECO "A01"]
[Time "20:05:09"]
[TimeControl "2700+45"]

1. b3 d5 2. Nf3 c5 3. e3 Nc6 4. Bb2 Nf6 5. Bb5 Bd7 6. O-O e6 7. d3 Be7 8. Nbd2
O-O 9. Bxc6 Bxc6 10. Ne5 Rc8 11. f4 Ne8 12. e4 dxe4 13. dxe4 Bf6 14. Nxc6 Rxc6
15. Bxf6 Nxf6 16. Qe2 Qd4+ 17. Kh1 Rd8 18. Rad1 Qd7 19. Nc4 Qe7 20. Rxd8+ Qxd8
21. Rd1 Qe7 22. Rd3 Rc7 23. e5 Nd5 24. Qg4 Nb4 25. Rg3 g6 26. Nd6 Nxc2 27. Ne4
f5 28. Nf6+ Qxf6 29. Qd1 Qe7 30. Qxc2 Rd7 31. Rd3 Qd8 32. Rxd7 Qxd7 33. g3 Qd5+
34. Kg1 Kf7 35. Kf2 b5 36. Ke3 Qd4+ 37. Ke2 Ke7 38. a3 Kd7 39. Kf3 a5 40. h3 Kc6
41. g4 c4 42. bxc4 Qxc4 43. Qf2 Qc3+ 44. Kg2 Qxa3 45. Qa7 Qb2+ 46. Kf1 Qc1+ 47.
Kg2 fxg4 48. Qa8+ Kd7 49. Qb7+ Qc7 50. Qxb5+ Qc6+ {White resigns} 0-1

[Event "Team 45 45 League T84"]
[Site "Internet Chess Club"]
[Date "2020.05.08"]
[Round "6"]
[White "pokerram"]
[Black "Kingofknights"]
[Result "1-0"]
[WhiteElo "1555"]
[BlackElo "1515"]
[Opening "QGD Slav defense: exchange variation"]
[ECO "D10"]
[Time "12:00:35"]
[TimeControl "2700+45"]

1. d4 d5 2. c4 c6 3. cxd5 cxd5 4. Nc3 Nf6 5. Bg5 Bf5 6. e3 a6 7. Bxf6 exf6 8.
Qb3 Qd7 9. Qxd5 Nc6 10. Qxd7+ Bxd7 11. a3 Rc8 12. Nf3 Bd6 13. Bd3 f5 14. O-O h6
15. Nd5 Be6 16. Nb6 Rd8 17. d5 Bc5 18. dxe6 Rxd3 19. exf7+ Kxf7 20. Nc4 Kf6 21.
b4 Be7 22. Nb2 Rd7 23. Rad1 Rhd8 24. Rxd7 Rxd7 25. Rd1 Rxd1+ 26. Nxd1 Ne5 27.
Nxe5 Kxe5 28. Nc3 a5 29. f4+ Ke6 30. bxa5 Bxa3 31. Nb5 Bb4 32. a6 bxa6 33. Nc7+
Kf6 34. Nd5+ Ke6 35. Nxb4 a5 36. Na2 Kd5 37. Kf1 Kc4 38. Ke2 a4 39. Kd2 Kb3 40.
Nc3 a3 41. Kd3 Kb4 42. h4 Kc5 43. Kc2 Kc4 44. Na2 Kd5 45. Kd3 Kc5 46. h5 Kd5 47.
Nc3+ Kc5 48. Na2 Kd5 49. g3 Kc5 50. e4 fxe4+ 51. Kxe4 Kc4 52. Ke3 Kb3 53. Nc1+
Kc2 54. Na2 Kb3 55. Kd2 Kxa2 56. Kc2 Ka1 57. f5 a2 58. Kc1 g5 59. hxg6 h5 60. g7
h4 61. g8=Q hxg3 62. Qg7# {Black checkmated} 1-0

[Event "Team 45 45 League T84"]
[Site "Internet Chess Club"]
[Date "2020.05.08"]
[Round "6"]
[White "tightfist"]
[Black "mongmong"]
[Result "1-0"]
[WhiteElo "1459"]
[BlackElo "1464"]
[Opening "English: Nimzo-English opening"]
[ECO "A13"]
[Time "21:00:40"]
[TimeControl "2700+45"]

1. Nf3 e6 2. c4 Nf6 3. Nc3 Bb4 4. Qc2 O-O 5. d4 c5 6. e3 b6 7. a3 Bxc3+ 8. Qxc3
d6 9. Be2 Bb7 10. O-O Qe7 11. b4 Nbd7 12. Bb2 Ne4 13. Qd3 Ng5 14. d5 Nxf3+ 15.
Bxf3 e5 16. Qf5 g6 17. Qh3 Ba6 18. b5 Bc8 19. e4 Nb8 20. Qh6 f5 21. h4 fxe4 22.
Be2 Qg7 23. Qe3 Qe7 24. g3 Nd7 25. Qxe4 Nf6 26. Qd3 Qd7 27. f4 exf4 28. Rxf4 Qd8
29. Raf1 Bf5 30. Qc3 Qe7 31. Bf3 Qe5 32. Qd2 Qe7 33. g4 Ne4 34. Bxe4 Bxe4 35.
Qc3 Qe5 36. Qxe5 dxe5 37. Rxe4 {Black resigns} 1-0

[Event "Team 45 45 League T84"]
[Site "Internet Chess Club"]
[Date "2020.05.10"]
[Round "6"]
[White "Bumun"]
[Black "Easy-Win"]
[Result "0-1"]
[WhiteElo "1705"]
[BlackElo "1749"]
[Opening "Caro-Kann: classical variation"]
[ECO "B18"]
[Time "12:32:10"]
[TimeControl "2700+45"]

1. e4 c6 2. d4 d5 3. Nc3 dxe4 4. Nxe4 Bf5 5. Ng3 Bg6 6. Nf3 Nd7 7. Bd3 Ngf6 8.
Ne5 Bxd3 9. Nxd3 e6 10. Bg5 Qa5+ 11. Bd2 Qb6 12. Bc3 Be7 13. O-O O-O 14. Qe2 Nd5
15. Rab1 Bf6 16. Ne4 Bxd4 17. Bxd4 Qxd4 18. c3 Qb6 19. c4 N5f6 20. c5 Qc7 21.
Nd6 Nxc5 22. Nxf7 Nxd3 23. Nh6+ gxh6 24. Qxd3 Ng4 25. f4 Qb6+ {White resigns}
0-1

[Event "Team 45 45 League T84"]
[Site "Internet Chess Club"]
[Date "2020.05.10"]
[Round "6"]
[White "Zugzwanged"]
[Black "trombone"]
[Result "0-1"]
[WhiteElo "1683"]
[BlackElo "1802"]
[Opening "Robatsch defense: two knights variation"]
[ECO "B06"]
[Time "10:06:57"]
[TimeControl "2700+45"]

1. e4 g6 2. d4 Bg7 3. Nf3 d6 4. Nc3 a6 5. a4 b6 6. Bc4 e6 7. O-O Ne7 8. Re1 O-O
9. Bf4 h6 10. Qd2 Kh7 11. Rad1 Nd7 12. h4 Bb7 13. h5 g5 14. Bxg5 hxg5 15. Nxg5+
Kh8 16. Qf4 Bf6 17. Nxe6 fxe6 18. Qh6+ Kg8 19. Bxe6+ Rf7 20. Re3 Bg7 21. Qf4 Qe8
22. Rf3 Nf6 23. h6 Ng6 24. Bxf7+ Qxf7 25. Qg5 Bh8 26. Rg3 Kh7 27. Qf5 Rf8 28.
Rdd3 Nxe4 29. Qxf7+ Rxf7 30. Nxe4 Bxe4 31. Rd2 Bf6 32. Re2 Bc6 33. c3 Bxa4 34.
Rge3 Bc6 35. g3 Kxh6 36. b3 Re7 37. f3 Kg7 38. Kf2 Rxe3 39. Rxe3 Kf7 40. Rd3 b5
41. c4 Ne7 42. g4 Ng6 43. Ke3 Bg5+ 44. Kf2 Bf4 45. d5 Bd7 46. Rd4 Be5 47. Re4 a5
48. Ke3 a4 49. cxb5 axb3 50. Rb4 b2 51. b6 cxb6 52. Rxb6 Nf4 53. Ke4 Ne2 54. Kd3
Nc1+ 55. Kc2 Ba4+ 56. Kb1 Bb3 57. f4 Ba2+ 58. Kc2 b1=Q+ 59. Rxb1 Bxb1+ 60. Kxb1
Bxf4 61. Kc2 Kg6 62. Kc3 Kg5 63. Kd4 Kxg4 64. Ke4 Ne2 65. Kd3 Kf3 66. Kc4 Ke4
{White resigns} 0-1

[Event "Team 45 45 League T84"]
[Site "Internet Chess Club"]
[Date "2020.05.10"]
[Round "6"]
[White "carvajales"]
[Black "THE-WARRIOR"]
[Result "1-0"]
[WhiteElo "1814"]
[BlackElo "1598"]
[Opening "English: ultra-symmetrical variation"]
[ECO "A36"]
[Time "15:00:51"]
[TimeControl "2700+45"]

1. c4 c5 2. g3 Nc6 3. Bg2 g6 4. Nc3 Bg7 5. a3 e6 6. b4 cxb4 7. axb4 Nxb4 8. Ba3
Nc6 9. Rb1 Nge7 10. Nb5 O-O 11. Nd6 Qc7 12. e3 Rd8 13. Ne2 Nf5 14. Nb5 Qa5 15.
Qb3 a6 16. Nd6 Nxd6 17. Bxd6 Be5 18. Bxe5 Qxe5 19. d4 Qc7 20. O-O Na5 21. Qb4
Nxc4 22. Rfc1 d5 23. e4 Qd6 24. Qc3 b5 25. exd5 exd5 26. Nf4 Be6 27. Nd3 Bf5 28.
Ra1 Be4 29. Nc5 Qb6 30. f3 Bf5 31. Re1 b4 32. Qb3 Re8 33. Rxe8+ Rxe8 34. Rxa6
Qf6 35. Rxf6 {Black resigns} 1-0

[Event "Team 45 45 League T84"]
[Site "Internet Chess Club"]
[Date "2020.05.06"]
[Round "6"]
[White "pishd"]
[Black "tightfist"]
[Result "1-0"]
[WhiteElo "1794"]
[BlackElo "1447"]
[Opening "Queen's pawn game, Rubinstein (Colle-Zukertort) variation"]
[ECO "D05"]
[Time "13:32:43"]
[TimeControl "2700+45"]

1. d4 d5 2. Nf3 e6 3. e3 Nf6 4. Bd3 c5 5. b3 Nbd7 6. O-O Bd6 7. Bb2 O-O 8. Nbd2
b6 9. Ne5 Bb7 10. f4 Qc7 11. c4 Ne4 12. Rc1 Ndf6 13. Ndf3 Rac8 14. g4 Qe7 15. g5
Nd7 16. Rc2 f6 17. Nxd7 Qxd7 18. gxf6 Nxf6 19. Ne5 Qe7 20. Rcf2 Bxe5 21. fxe5
Ne4 22. Bxe4 dxe4 23. Qg4 Rxf2 24. Rxf2 Rf8 25. Rf6 Rxf6 26. exf6 Qxf6 27. dxc5
Qg6 28. Qxg6 hxg6 29. cxb6 axb6 30. Bd4 b5 31. cxb5 Bd5 32. Kf2 Kf7 33. Kg3 g5
34. Kf2 Kg6 35. Ke2 Kf7 36. Kf2 Kg6 37. Kg3 Kf7 38. Kg4 Kg6 39. b6 Kh6 40. a4
Kg6 41. a5 Bb7 42. b4 Kh6 43. b5 Bd5 44. a6 Kg6 45. b7 Bxb7 46. axb7 {Black
resigns} 1-0

[Event "Team 45 45 League T84"]
[Site "Internet Chess Club"]
[Date "2020.05.07"]
[Round "6"]
[White "Ajolote"]
[Black "kidviper"]
[Result "1-0"]
[WhiteElo "1905"]
[BlackElo "1824"]
[Opening "Sicilian: closed, 6.Be3"]
[ECO "B26"]
[Time "13:02:53"]
[TimeControl "2700+45"]

1. e4 c5 2. Nc3 Nc6 3. g3 g6 4. Bg2 Bg7 5. d3 d6 6. Be3 Rb8 7. Qd2 e6 8. Nge2
Nd4 9. Nd1 b5 10. c3 Nxe2 11. Qxe2 Ne7 12. O-O O-O 13. d4 cxd4 14. cxd4 d5 15.
Bf4 Ra8 16. Ne3 a5 17. Rfd1 b4 18. Rac1 Ba6 19. Qd2 dxe4 20. Bxe4 Rc8 21. Rc5
Qb6 22. Rdc1 Nd5 23. Bxd5 exd5 24. Nxd5 Qb7 25. Rxc8 Qxd5 26. R1c5 Qxa2 27. R8c7
Qb1+ 28. Rc1 Qe4 29. d5 Rd8 30. Re1 Qf3 31. Re3 Rxd5 32. Rxf3 Rxd2 33. Bxd2 f5
34. Ra7 Bc4 35. Rxa5 Bxb2 36. Bxb4 Kg7 37. Bc3+ Bxc3 38. Rxc3 Be2 39. Kg2 Kh6
40. Rc7 f4 41. gxf4 g5 42. fxg5+ Kg6 43. Rc6+ Kh5 44. Rh6+ Kg4 45. h3+ Kf4 46.
Rh4+ Bg4 47. Rxg4# {Black checkmated} 1-0

[Event "Team 45 45 League T84"]
[Site "Internet Chess Club"]
[Date "2020.05.10"]
[Round "6"]
[White "kidcobra"]
[Black "hipopotamos"]
[Result "1/2-1/2"]
[WhiteElo "1786"]
[BlackElo "1646"]
[Opening "Scotch gambit"]
[ECO "C44"]
[Time "19:01:02"]
[TimeControl "2700+45"]

1. e4 e5 2. Nf3 Nc6 3. d4 exd4 4. Bc4 Bc5 5. O-O d6 6. c3 dxc3 7. Nxc3 Nge7 8.
Bf4 O-O 9. h3 Be6 10. Bxe6 fxe6 11. Bg3 Qd7 12. Qe2 a6 13. Rfd1 Qe8 14. Rac1 Rc8
15. a3 Qg6 16. Kh1 e5 17. Nd5 Rf7 18. b4 Ba7 19. Nxe7+ Rxe7 20. Rxc6 bxc6 21.
Qxa6 Ra8 22. Bh4 Ree8 23. Qxc6 Rec8 24. Qd5+ Kh8 25. Rc1 Bb6 26. Rc6 Re8 27. Bg3
Qh5 28. Qb3 Rf8 29. Kh2 Qe8 30. b5 Ra5 31. a4 Qa8 32. Ng5 h6 33. Ne6 Re8 34.
Nxc7 Bxc7 35. Rxc7 Rxa4 36. b6 Rxe4 37. b7 Qb8 38. Qf7 Rg8 39. Qd7 Rb4 40. Bh4
Rf4 41. Rc8 Qa7 42. Rxg8+ Kxg8 43. Bd8 Rb4 44. Qe6+ Kh7 45. Qxd6 Qxb7 46. Be7
Rb5 47. Bf8 e4 48. Qe6 Qb8+ 49. Bd6 Qb7 50. h4 Qd5 51. Qe7 Rb7 52. Qf8 Rf7 53.
Qb8 Rxf2 54. Bg3 Rf7 55. Qb1 Qd3 56. Qa2 Qd7 57. Qc2 Qf5 58. Qe2 Re7 59. Bf2 e3
60. Bg3 g5 61. h5 g4 62. Bh4 Re6 63. Qc4 e2 64. Qc7+ Kg8 65. Qc8+ Kg7 66. Qb7+
Qf7 67. Qb2+ Kf8 68. Qb4+ Kg8 69. Qxg4+ Kf8 70. Qb4+ Kg8 71. Qg4+ Kf8 72. Qb4+
Kg8 73. Qg4+ {Game drawn by repetition} 1/2-1/2

[Event "Team 45 45 League T84"]
[Site "Internet Chess Club"]
[Date "2020.05.08"]
[Round "6"]
[White "JPSVI"]
[Black "Bizzy-Ketty"]
[Result "1-0"]
[WhiteElo "1763"]
[BlackElo "1593"]
[Opening "Van't Kruijs opening"]
[ECO "A00"]
[Time "15:33:21"]
[TimeControl "2700+45"]

1. e3 Nf6 2. f4 e6 3. Nf3 b6 4. g3 Bb7 5. Bg2 Be7 6. O-O O-O 7. d3 d5 8. Kh1 c5
9. Qe2 Nc6 10. a4 Qc7 11. Nc3 a6 12. b3 d4 13. Nd1 dxe3 14. Nxe3 Nd4 15. Nxd4
cxd4 16. Nc4 b5 17. Ne5 Rac8 18. Bb2 Rfd8 19. axb5 axb5 20. Bxb7 Qxb7+ 21. Qf3
Qb6 22. Rf2 Bd6 23. g4 Nd5 24. Qe4 Bxe5 25. fxe5 Ne3 26. Rc1 Qc6 27. h3 Qxe4+
28. dxe4 d3 29. cxd3 Rxc1+ 30. Bxc1 Rxd3 31. Rd2 Rxd2 32. Bxd2 Nd1 33. Kg2 Kf8
34. Kf3 Nb2 35. Ke2 Ke7 36. Bc3 Na4 37. bxa4 bxa4 38. Bb4+ Kd7 39. Kd3 Kc6 40.
Kc4 Kb6 41. g5 Kc6 42. h4 Kb6 43. Bf8 g6 44. Kb4 a3 45. Kxa3 Ka5 46. Kb3 Kb5 47.
Kc3 Kb6 48. Kb4 Kc6 49. Ka5 Kc7 50. Kb5 Kb7 51. Kc5 Kc7 52. Bd6+ Kd7 53. Kb6 Kd8
54. Kc6 Ke8 55. Kc7 f5 56. exf6 Kf7 57. Kd7 e5 58. Bxe5 Kf8 59. Bd6+ Kf7 60. e5
{Black resigns} 1-0

[Event "Team 45 45 League T84"]
[Site "Internet Chess Club"]
[Date "2020.05.07"]
[Round "6"]
[White "KidRattler"]
[Black "fireball"]
[Result "1-0"]
[WhiteElo "1679"]
[BlackElo "1501"]
[Opening "Budapest: Adler variation"]
[ECO "A52"]
[Time "13:03:41"]
[TimeControl "2700+45"]

1. d4 Nf6 2. c4 e5 3. dxe5 Ng4 4. Nf3 Bc5 5. e3 Nc6 6. Nc3 Ngxe5 7. Be2 O-O 8.
O-O d6 9. a3 Be6 10. b4 Bb6 11. Nd5 Nxf3+ 12. Bxf3 Ne5 13. Qe2 Nxf3+ 14. Qxf3 c6
15. Nxb6 axb6 16. Bb2 Qg5 17. Rac1 d5 18. c5 bxc5 19. Rxc5 Rfc8 20. Rfc1 Qg6 21.
Qg3 Qxg3 22. hxg3 Bd7 23. Ra1 Bf5 24. a4 Bd3 25. Rc3 Bc4 26. Rca3 Re8 27. Bd4
Re6 28. f3 f5 29. Kf2 g5 30. Rh1 h6 31. Raa1 Kf7 32. Rh5 Kg6 33. Rah1 Kh7 34.
Rxg5 Rg6 35. Rxg6 Kxg6 36. a5 Rf8 37. Rh4 h5 38. Ke1 Rf7 39. Rh1 Rf8 40. Kd2 Rf7
41. Be5 Re7 42. f4 Rh7 43. Kc3 Ba6 44. Kd4 Bb5 45. Kc5 Rd7 46. Kb6 Ba6 47. Rc1
Rh7 48. Rxc6+ bxc6 49. Kxa6 Re7 50. Kb6 Re6 51. Kb7 Kf7 52. a6 Kf8 53. a7 Re8
54. Bb8 Re7+ 55. Kxc6 Re6+ 56. Bd6+ {Black resigns} 1-0

[Event "Team 45 45 League T84"]
[Site "Internet Chess Club"]
[Date "2020.05.10"]
[Round "6"]
[White "Andressa"]
[Black "Tjet"]
[Result "1/2-1/2"]
[WhiteElo "1365"]
[BlackElo "1316"]
[Opening "Sicilian defense"]
[ECO "B40"]
[Time "21:00:31"]
[TimeControl "2700+45"]

1. e4 c5 2. Nf3 e6 3. Nc3 a6 4. d4 cxd4 5. Qxd4 Nc6 6. Qd1 g6 7. Bc4 Bg7 8. O-O
Nge7 9. Re1 O-O 10. Bf4 b5 11. Bb3 Na5 12. a3 Nxb3 13. cxb3 d5 14. exd5 Nxd5 15.
Nxd5 Qxd5 16. Qxd5 exd5 17. Rab1 Bf5 18. Rbd1 Bxb2 19. Rxd5 Bxa3 20. Bh6 Rfe8
21. Red1 Be4 22. Rd7 Bxf3 23. gxf3 Bf8 24. Bg5 Bg7 25. Rb7 h6 26. Bf4 g5 27. Bg3
Be5 28. Rdd7 Bc3 29. Rxf7 Re6 30. f4 gxf4 31. Bxf4 Rg6+ 32. Kf1 Re8 33. Be3 b4
34. h4 Rd8 35. h5 Rg7 36. Rxg7+ Bxg7 37. Rxb4 Rd5 38. Ra4 a5 39. b4 axb4 40.
Rxb4 Rxh5 {Game drawn by mutual agreement} 1/2-1/2

[Event "Team 45 45 League T84"]
[Site "Internet Chess Club"]
[Date "2020.05.11"]
[Round "6"]
[White "OGO"]
[Black "MartyJR"]
[Result "1-0"]
[WhiteElo "1251"]
[BlackElo "1400"]
[Opening "QGD Slav: Tolush-Geller gambit"]
[ECO "D15"]
[Time "21:30:55"]
[TimeControl "2700+45"]

1. d4 d5 2. c4 c6 3. Nc3 Nf6 4. Nf3 dxc4 5. e4 b5 6. e5 Nd5 7. Bd2 Bb7 8. Be2 e6
9. O-O Be7 10. a4 a6 11. b3 Nxc3 12. Bxc3 b4 13. Bd2 c3 14. Be3 a5 15. Bd3 Nd7
16. Qc2 f5 17. Bc4 Ba6 18. Qd3 Bxc4 19. Qxc4 O-O 20. Qxe6+ Kh8 21. Qxc6 Nb6 22.
d5 Nxd5 23. Rfd1 Rc8 24. Qxd5 Qxd5 25. Rxd5 f4 26. Bc1 Rfd8 27. Rxd8+ Rxd8 28.
Kf1 Rd1+ 29. Ke2 Rd8 30. Bxf4 h6 31. Rd1 Rxd1 32. Kxd1 Kh7 33. Nd4 g5 34. Bg3
Bc5 35. e6 Kg6 36. Nc6 Kf6 37. e7 Kf7 38. Nxa5 Kxe7 39. Nb7 Ba7 40. Bd6+ Kd7 41.
Bxb4 Kc6 42. Na5+ Kd5 43. Bxc3 Bxf2 44. Nc4 Bg1 45. h3 h5 46. Ke2 Ke4 47. a5 g4
48. hxg4 hxg4 49. b4 Kd5 50. Ne3+ Kc6 51. Nxg4 Kb5 52. Kd3 Ba7 53. Ne5 Bb8 54.
g4 Bxe5 55. Bxe5 Kxb4 56. a6 {Black resigns} 1-0

[Event "Team 45 45 League T84"]
[Site "Internet Chess Club"]
[Date "2020.05.07"]
[Round "6"]
[White "Balderdash"]
[Black "oldprez1"]
[Result "1/2-1/2"]
[WhiteElo "1202"]
[BlackElo "1267"]
[Opening "Caro-Kann defense"]
[ECO "B10"]
[Time "20:00:15"]
[TimeControl "2700+45"]

1. e4 c6 2. b3 d5 3. e5 Bf5 4. g4 Bg6 5. Nf3 e6 6. h4 h6 7. h5 Be4 8. Bg2 Nd7 9.
Nc3 Bxf3 10. Bxf3 Nxe5 11. d4 Nxf3+ 12. Qxf3 Bb4 13. Bd2 Nf6 14. a3 Ba5 15. g5
Ne4 16. b4 Nxd2 17. Kxd2 Qxg5+ 18. Ke2 Bb6 19. Rhg1 Qf6 20. Qxf6 gxf6 21. Kd3
O-O-O 22. Rg7 e5 23. Rag1 Bxd4 24. Ne2 Bxf2 25. R1g2 e4+ 26. Kd2 e3+ 27. Kd3 Rd7
28. Nf4 d4 29. Nh3 Re7 30. Nxf2 e2 31. Rg8+ Rxg8 32. Rxg8+ Kc7 33. Rg1 e1=Q 34.
Rxe1 Rxe1 35. Kxd4 Re5 36. Ng4 Rd5+ 37. Ke3 Rxh5 38. Nxf6 Rh3+ 39. Kd4 Rxa3 40.
Ne8+ Kb6 41. c4 a5 42. bxa5+ Kxa5 43. Nd6 Ra1 44. Nxb7+ Kb6 45. Nd6 Kc7 46. Nxf7
h5 47. Ng5 h4 48. Ne6+ Kd6 49. Nf4 c5+ 50. Ke4 Rc1 51. Kd3 Rd1+ 52. Kc3 Ke5 53.
Ng6+ Ke4 54. Nxh4 Rd3+ 55. Kc2 Kd4 56. Nf5+ Kxc4 57. Kc1 Rh3 58. Kc2 Kb4 59. Kb2
c4 60. Nd4 c3+ 61. Kc1 Kc4 62. Ne2 Kd3 63. Nf4+ Ke3 64. Nxh3 Kd3 {Game drawn by
mutual agreement} 1/2-1/2

[Event "Team 45 45 League T84"]
[Site "Internet Chess Club"]
[Date "2020.05.08"]
[Round "6"]
[White "kingsrook"]
[Black "oldbookseller"]
[Result "1-0"]
[WhiteElo "1208"]
[BlackElo "1051"]
[Opening "QGD: exchange, positional line"]
[ECO "D35"]
[Time "13:00:21"]
[TimeControl "2700+45"]

1. d4 d5 2. c4 e6 3. Nc3 Nf6 4. cxd5 exd5 5. Bg5 Nbd7 6. e3 c6 7. Bd3 Be7 8.
Nge2 O-O 9. O-O Re8 10. Qc2 g6 11. f3 Qc7 12. Ng3 Qd6 13. Bf4 Qe6 14. Rae1 Nh5
15. Nxh5 Nf6 16. Ng3 c5 17. Qd2 Ng4 18. fxg4 Bh4 19. g5 Bxg3 20. Bxg3 Qg4 21.
Bf4 Qh5 22. Qf2 c4 23. Be2 {Black resigns} 1-0

[Event "Team 45 45 League T84"]
[Site "Internet Chess Club"]
[Date "2020.05.09"]
[Round "6"]
[White "olivermx"]
[Black "sdcohle"]
[Result "1-0"]
[WhiteElo "1320"]
[BlackElo "1327"]
[Opening "French: advance variation"]
[ECO "C02"]
[Time "11:06:52"]
[TimeControl "2700+45"]

1. e4 e6 2. d4 d5 3. e5 c5 4. c3 Qb6 5. Nf3 Nc6 6. a3 c4 7. g3 Na5 8. Nbd2 Ne7
9. h4 Bd7 10. Bh3 g6 11. O-O h5 12. Rb1 Bh6 13. Ng5 O-O 14. Qe2 f6 15. exf6 Rxf6
16. Ndf3 Raf8 17. Ne5 Bc8 18. Bf4 Nac6 19. Nxc6 Qxc6 20. Be5 Bxg5 21. hxg5 R6f7
22. Bf6 Qd7 23. Rbe1 Nf5 24. Qe5 Re8 25. Kg2 Qc6 26. Rh1 Qd7 27. Kg1 Qc7 28.
Qxc7 Rxc7 29. Bg2 Rf8 30. g4 hxg4 31. Rh8+ Kf7 32. Rh7+ Ke8 33. Rxc7 Nd6 34.
Re7+ Kd8 35. R7xe6+ Kc7 36. Re7+ Kc6 37. R1e5 Bf5 38. Rxd5 b6 39. Rxf5+ Ne4 40.
Bxe4+ Kd6 41. Rd5+ Kc6 42. Rd8+ Kb5 43. Rxf8 {Black resigns} 1-0

[Event "Team 45 45 League T84"]
[Site "Internet Chess Club"]
[Date "2020.05.10"]
[Round "6"]
[White "gregorgg"]
[Black "kabubi"]
[Result "0-1"]
[WhiteElo "1279"]
[BlackElo "1133"]
[Opening "Queen's pawn: London system"]
[ECO "A45"]
[Time "15:34:01"]
[TimeControl "2700+45"]

1. d4 Nf6 2. Bf4 g6 3. Nc3 Bg7 4. Qd2 d6 5. e4 O-O 6. Bh6 e5 7. Bxg7 Kxg7 8. h4
exd4 9. Qxd4 Nc6 10. Qd2 Re8 11. f3 Be6 12. g4 Ne5 13. h5 gxh5 14. gxh5 Kh8 15.
O-O-O a6 16. f4 Neg4 17. Nf3 b5 18. Ng5 Re7 19. Nxe6 Rxe6 20. Qe2 c5 21. e5 d5
22. Bg2 Rc8 23. Nxd5 Qa5 24. Nxf6 Nxf6 25. Bh3 Qxa2 26. Bxe6 Qxe6 27. Rd6 Qa2
28. Kd2 Qa5+ 29. Ke3 Ne8 30. Rd7 c4 31. Rxf7 Qb6+ 32. Kd2 Rd8+ 33. Ke1 Qh6 34.
Rg1 Ng7 35. Rf6 Qxf6 36. Qg4 Qf8 37. Rf1 Ne6 38. f5 Nc5 39. f6 Qg8 40. Qf3 Qf7
41. Qc6 Ne6 42. Qxa6 Rd5 43. Qa8+ Rd8 44. Qf3 Ng5 45. Qe2 Rd4 {White forfeits on
time} 0-1